 Dungeon Crawl Stone Soup version 0.28.0-45-g0d030f2227 (webtiles) character file.

Game seed: 6876002997689249042

108 NinjaNoafa the Magician (level 4, 0/32 HPs)
             Began as a Palentonga Hedge Wizard on Apr 4, 2022.
             Was a Believer of Elyvilon.
             Slain by a goblin
             ... wielding a +0 club
             ... led by Robin
              (3 damage)
             ... on level 2 of the Dungeon.
             The game lasted 00:06:03 (2740 turns).

NinjaNoafa the Magician (Palentonga Hedge Wizard)   Turns: 2740, Time: 00:06:03

Health: 0/32       AC:  5    Str: 14    XL:     4   Next: 58%
Magic:  8/9        EV: 10    Int: 16    God:    Elyvilon [**....]
Gold:   62         SH:  0    Dex:  9    Spells: 9/10 levels left

rFire   . . .      SeeInvis +   g - +2 dagger (venom)
rCold   + + .      Faith    .   (no shield)
rNeg    . . .      Spirit   .   q - +1 robe of Wikkiph Pehy {Fly}
rPois   .          Reflect  .   c - +0 hat
rElec   .          Harm     .   (no cloak)
rCorr   .          Rampage  .   (no gloves)
Will    .....                   (no barding)
Stlth   ++........              (no amulet)
HPRegen 0.10/turn               l - ring of protection from cold
MPRegen 0.11/turn               o - ring of protection from cold

@: mighty, flying
A: large, rugged brown scales 3, see invisible, deformed body, roll 1, armoured
tail
a: Rolling Charge, Renounce Religion, Purification, Heal Other


You were on level 2 of the Dungeon.
You worshipped Elyvilon.
Elyvilon was pleased with you.
You visited 1 branch of the dungeon, and saw 2 of its levels.

You collected 62 gold pieces.

Inventory:

Hand Weapons
 a - a +0 dagger
 g - a +2 dagger of venom (weapon)
 j - a +0 dagger of electrocution
 r - a +1 dagger of venom
Missiles
 m - 42 stones
Armour
 b - a +0 robe
 c - a +0 hat (worn)
 q - the +1 robe of Wikkiph Pehy (worn) {Fly}
   (You found it on level 2 of the Dungeon)

   Fly:       It grants you flight.
Jewellery
 l - a ring of protection from cold (left hand)
 o - a ring of protection from cold (right hand)
Scrolls
 d - a scroll of fog {unknown}
 e - a scroll of noise {unknown}
 f - a scroll of enchant armour {unknown}
 i - a scroll of teleportation {unknown}
 n - 2 scrolls of identify {unknown}
 p - a scroll of magic mapping {unknown}


   Skills:
 + Level 0.3 Short Blades
 + Level 2.0 Dodging
 + Level 1.7 Stealth
 * Level 3.7 Spellcasting
 + Level 1.5 Conjurations
 + Level 1.3 Summonings
 + Level 1.8 Translocations


You had 9 spell levels left.
You knew the following spells:

 Your Spells              Type           Power      Damage    Failure   Level
a - Magic Dart            Conj           28%        1d4       10%         1

Your spell library contained the following spells:

 Spells                   Type           Power      Damage    Failure   Level
 Blink                    Tloc           16%        N/A       12%         2
 Call Imp                 Summ           7%         N/A       16%         2
 Freeze                   Ice            8%         1d3       17%         1
 Slow                     Hex            8%         N/A       17%         1
 Sublimation of Blood     Necr           2%         N/A       26%         2
 Wereblood                Tmut           2%         N/A       26%         2
 Conjure Flame            Conj/Fire      5%         6-21      36%         3
 Mephitic Cloud           Conj/Pois/Air  4%         N/A       38%         3
 Confusing Touch          Hex            2%         N/A       45%         3
 Frozen Ramparts          Ice            4%         1d2       45%         3
 Hailstorm                Conj/Ice       5%         3d4       77%         4
 Yara's Violent Unravell  Hex/Tmut       1%         3d3       99%         5
 Enfeeble                 Hex            1%         N/A       100%        7
 Summon Hydra             Summ           3%         N/A       100%        7


Dungeon Overview and Level Annotations

Branches:
Dungeon (2/15)

Altars:
Ashenzari
Elyvilon

Annotations:
D:2 Robin


Innate Abilities, Weirdness & Mutations

You are completely covered in rugged brown scales. (AC +3, +7% HP)
You have supernaturally acute eyesight. (SInv)
Armour fits poorly on your strangely shaped body.
You can roll at nearby foes to attack.
You have a long armoured tail.


Message History

Press: ? - help, Shift-Dir - straight line, f/p - hobgoblin
Aim: a hobgoblin (heavily wounded, 100% to hit)
The magic dart hits the hobgoblin.
The hobgoblin is almost dead.
The hobgoblin misses you.
You closely miss Robin. Robin hits you but does no damage.
The hobgoblin hits you.
You hit Robin but do no damage.
Robin is poisoned.
Robin roars a battlecry!
The goblins go into a battle-frenzy!
The hobgoblin hits you.
You hit Robin.
Robin looks as sick as possible!
Your tail-slap misses Robin.
Robin is lightly wounded.
Robin hits you with a +0 dagger. The hobgoblin hits you.
You hit Robin.
Robin looks as sick as possible!
Robin is lightly wounded.
Robin throws the goblin at you!
The hobgoblin hits you but does no damage.
The goblin closely misses you. The goblin hits you with a +0 dagger.
You barely miss Robin.
Robin is moderately wounded.
Robin throws the goblin at you!
The hobgoblin hits you but does no damage.
The goblin barely misses you. The goblin hits you with a +0 dagger.
It was a potion of might.
You feel very mighty all of a sudden. Robin hits you but does no damage.
The hobgoblin completely misses you. The goblin hits you with a +0 club.
* * * LOW HITPOINT WARNING * * *
The goblin barely misses you.
It was a potion of flight.
You feel more buoyant.
Robin says, "My army is invincible!"
Robin hits you with a +0 dagger.
* * * LOW HITPOINT WARNING * * *
The hobgoblin hits you.
* * * LOW HITPOINT WARNING * * *
The goblin hits you but does no damage. x2
The goblin hits you with a +0 club.
You die...

#..##.####..##...###...........
#..).......g###.## #.#####.##..
####............# #.# #.###.
#.#####..##### #.# #.###. #.#
#....######.## #..(#.
#.#####..#.#.......# ###.#.
#.#..........#####.# #.#.
#.#.##......)# #.######.#.
#.#.##..[.g@g# #....†....<
##.........gg.# #.######.##
#....##.......#####.# #.#
#.#..##.....#.....(.# #.#
#...........#.#..#### #.#
##....##.....#.#....# #.#
#.....##.....#.##.#.# #.#
#...#.####.....##.#.#######.#
#...#...).........[........<#


You could see Robin (extremely poisoned), a hobgoblin (strong) and 2 goblins.

Vanquished Creatures
  3 adders (D:2)
  A gnoll (D:1)
  3 worms (D:2)
  2 dart slugs (D:2)
  6 bats
  5 endoplasms
  3 giant cockroaches (D:1)
  7 goblins
  9 hobgoblins
  A quokka (D:1)
  A ball python (D:2)
  2 frilled lizards (D:1)
  6 kobolds
  3 rats
52 creatures vanquished.

Notes
Turn   | Place    | Note
-------+----------+-------------------------------------------
     0 | D:1      | NinjaNoafa the Palentonga Hedge Wizard began the quest for
                  | the Orb.
     0 | D:1      | Reached XP level 1. HP: 13/13 MP: 4/4
    38 | D:1      | Reached skill level 1 in Conjurations
   489 | D:1      | Reached XP level 2. HP: 13/20 MP: 6/6
  1127 | D:1      | Reached skill level 1 in Summonings
  1240 | D:1      | Reached XP level 3. HP: 25/25 MP: 7/7
  1242 | D:1      | Found a faded altar of an unknown god.
  1249 | D:1      | Prayed at the altar of an unknown god.
  1249 | D:1      | Became a worshipper of Elyvilon the Healer
  1249 | D:1      | Reached * piety under Elyvilon
  1856 | D:2      | Reached XP level 4. HP: 13/32 MP: 9/9
  2357 | D:2      | Found a broken altar of Ashenzari.
  2551 | D:2      | Reached ** piety under Elyvilon
  2560 | D:2      | Identified the +1 robe of Wikkiph Pehy {Fly}
  2727 | D:2      | Noticed Robin
  2740 | D:2      | Slain by a goblin

Illustrated notes

Levels and vault maps discovered:
D:1:      dpeg_arrival_stone_temple_mockup, layout_basic,
          dilly_ecumenical_altar_fadedgnrine
D:2:      layout_loops_ring, basic_altar, minmay_tall_x, uniq_robin

Skill      XL: |  1  2  3  4 |
---------------+-------------+-----
Conjurations   | 1 |  1.5
Summonings     | 1 |  1.3
Dodging        | 2 |  2.0
Short Blades   | |  0.3
Stealth        | |  1.7
Spellcasting   | |  3.7
Translocations | |  1.8

Action                   |  1- 3 |  4- 6 || total
-------------------------+-------+-------++-------
Melee: Dagger            |    91 |    52 ||   143
       Tailslap          |    12 |     5 ||    17
       Punch             |     2 |       ||     2
 Cast: Magic Dart        |    20 |     9 ||    29
 Abil: Rolling Charge    |     7 |     7 ||    14
  Use: Potion            |       |     2 ||     2
 Stab: Sleeping          |     3 |     1 ||     4
Armor: Robe              |    61 |    21 ||    82
Dodge: Dodged            |    52 |    27 ||    79
